 Dungeon Crawl Stone Soup version 0.30.0-5-g1a98f26d00 (webtiles) character file.

Game seed: 2436106325921545400

217 ragingrage the Cudgeller (level 5, -2/30 HPs)
             Began as a Gargoyle Warper on May 12, 2023.
             Slain by a water moccasin (6 damage)
             ... on level 5 of the Dungeon.
             The game lasted 00:03:25 (3556 turns).

ragingrage the Cudgeller (Gargoyle Warper)          Turns: 3556, Time: 00:03:25

Health: -2/30      AC:  9    Str: 17    XL:     5   Next: 94%
Magic:  0/8        EV: 10    Int: 13    God:
Gold:   189        SH:  0    Dex:  9    Spells: 3/8 levels left

rFire   + . .        q - +0 great mace
rCold   + . .        (shield currently unavailable)
rNeg    + . .        r - +0 ring mail
rPois   ∞            (no helmet)
rElec   +            y - scarf {rC+ rF+}
rCorr   .            (no gloves)
SInv    .            (no boots)
Will    .....        j - amulet of guardian spirit
Stlth   +            (no ring)
HPRegen 0.25/turn    (no ring)
MPRegen 0.11/turn

%: guardian spirit
@: no status effects
A: sickness immunity, AC +4, negative energy resistance 1, electricity
resistance, torment resistance 1, petrification resistance
a: no special abilities


You were on level 5 of the Dungeon.
You visited 1 branch of the dungeon, and saw 5 of its levels.

You collected 299 gold pieces.
You spent 110 gold pieces at shops.

Inventory:

Hand Weapons
 a - a +0 mace
 q - a +0 great mace (weapon)
 w - the +5 dagger "Demonbane" {flame, Str-4 Dex+3 SInv}
   (You found it on level 3 of the Dungeon)

   Str:       It affects your strength (-4).
   Dex:       It affects your dexterity (+3).
   SInv:      It lets you see invisible.
Missiles
 d - 7 boomerangs of dispersal (quivered)
 i - 8 poisoned darts
Armour
 r - a +0 ring mail (worn)
 y - a scarf of resistance (worn)
 E - the +1 robe of Wu Jian's Supremacy {Will+ rCorr Str+3}
   (You found it on level 5 of the Dungeon)

   Str:       It affects your strength (+3).
   rCorr:     It protects you from acid and corrosion.
   Will:      It increases your willpower.
Jewellery
 j - an amulet of guardian spirit (around neck)
 A - a ring of magical power
 B - an amulet of regeneration
Scrolls
 c - 4 scrolls of blinking
 e - 5 scrolls of identify {unknown}
 f - a scroll of immolation {unknown}
 h - 4 scrolls of vulnerability {unknown}
 l - 2 scrolls of butterflies
 n - 5 scrolls of noise {unknown}
 o - a scroll of enchant weapon {unknown}
 s - a scroll of fear
 t - 3 scrolls of teleportation
 u - a scroll of silence {unknown}
 D - a scroll of poison {unknown}
Potions
 b - a potion of attraction {unknown}
 g - a potion of degeneration {unknown}
 k - 2 potions of lignification {unknown}
 m - 2 potions of berserk rage {unknown}
 p - a potion of flight {unknown}
 v - a potion of heal wounds {unknown}
 x - 2 potions of might {unknown}
 z - a potion of ambrosia {unknown}
 C - a potion of brilliance {unknown}


   Skills:
 - Level 2.1 Fighting
 + Level 5.6 Maces & Flails
 - Level 0.8 Throwing
 - Level 1.1 Armour
 - Level 1.5 Dodging
 - Level 2.0 Stealth
 - Level 2.0 Spellcasting
 - Level 2.6 Translocations


You had 3 spell levels left.
You knew the following spells:

 Your Spells              Type           Power      Damage    Failure   Level
a - Apportation           Tloc           16%        N/A       16%         1
b - Blink                 Tloc           16%        N/A       24%         2
c - Lesser Beckoning      Tloc           16%        N/A       24%         2

Your spell library contained the following spells:

 Spells                   Type           Power      Damage    Failure   Level
 Beastly Appendage        Tmut           2%         N/A       43%         1
 Necrotise                Necr           4%         1d4       43%         1
 Summon Small Mammal      Summ           4%         N/A       43%         1
 Teleport Other           Tloc           8%         N/A       43%         3
 Wereblood                Tmut           1%         N/A       56%         2
 Vhi's Electric Charge    Tloc/Air       8%         N/A       63%         3
 Spider Form              Tmut/Pois      1%         N/A       80%         3
 Manifold Assault         Tloc           8%         N/A       83%         4
 Arcjolt                  Conj/Air       0%         1d10      100%        5
 Plasma Beam              Fire/Air       0%         2x1d11    100%        6
 Summon Hydra             Summ           0%         N/A       100%        7
 Sublimation of Blood     Necr           Unusable   N/A       N/A         2

Dungeon Overview and Level Annotations

Branches:
Dungeon (5/15)
 Temple: D:4-7

Altars:

Shops:
D:2 :   D:3 ?   D:5 (


Innate Abilities, Weirdness & Mutations

You are immune to sickness and miasma.
Your stone body is resilient. (AC +4)
You are immune to poison.
You resist negative energy. (rN+)
You are resistant to electric shocks. (rElec)
You are resistant to unholy torment.
You are immune to petrification.


Message History

You sock the worm! The worm barely misses you.
You sock the worm!
You kill the worm!
No target in view!
No target in view!
E - the +1 robe of Wu Jian's Supremacy {Will+ rCorr Str+3}
t - 3 scrolls of teleportation (gained 1)
You open the door.
A water moccasin comes into view.
The water moccasin hisses angrily.
Found a stone staircase leading down.
You hit the water moccasin but do no damage.
The water moccasin bites you! The water moccasin barely misses you.
You sock the water moccasin! The water moccasin bites you.
The water moccasin misses you.
You closely miss the water moccasin. The water moccasin barely misses you.
The water moccasin bites you but does no damage.
You completely miss the water moccasin. The water moccasin bites you!
The water moccasin bites you but does no damage.
You miss the water moccasin.
The water moccasin bites you but does no damage.
The water moccasin misses you.
You closely miss the water moccasin. The water moccasin bites you.
The water moccasin bites you but does no damage.
You barely miss the water moccasin.
The water moccasin bites you but does no damage. x2
You closely miss the water moccasin.
The water moccasin bites you but does no damage. x2
You closely miss the water moccasin. The water moccasin closely misses you.
The water moccasin bites you but does no damage.
You barely miss the water moccasin.
The water moccasin closely misses you. x2
You miss the water moccasin.
The water moccasin bites you but does no damage.
The water moccasin barely misses you.
You closely miss the water moccasin. The water moccasin bites you!
* * * LOW HITPOINT WARNING * * *
The water moccasin bites you.
* * * LOW HITPOINT WARNING * * *
You barely miss the water moccasin. The water moccasin bites you!
You die...

#.####.###..####.# #.# #.#
#..# #.# #####.####.# #..#
#.# #..........# #..# #.#
#..........###..## #.#
#................# #<#
#.........####...# #.###
#.........# #...# #)..#
.#######........@#
#...###.###
.................S.>#....)..#
..####.#.........##.##..#####
#.########### ##......## #.#
#.. #.......# #.#
#.###.......#
###.###########...........#
#.......[....##.###..###....
#.##.##...............).#
#.#.


You could see a water moccasin.

Vanquished Creatures
  A scorpion (D:4)
  An orc wizard (D:3)
  4 adders
  3 worms
  3 dart slugs
  5 orcs
  12 endoplasms
  3 goblins
  6 hobgoblins
  2 jackals (D:1)
  3 kobolds
  4 quokkas
  6 ball pythons
  7 bats
  3 frilled lizards
  13 rats
76 creatures vanquished.

Notes
Turn   | Place    | Note
-------+----------+-------------------------------------------
     0 | D:1      | ragingrage the Gargoyle Warper began the quest for the Orb.
     0 | D:1      | Reached XP level 1. HP: 12/12 MP: 3/3
   100 | D:1      | Reached XP level 2. HP: 17/17 MP: 5/5
   199 | D:1      | Reached skill level 3 in Maces & Flails
   311 | D:1      | Reached XP level 3. HP: 21/21 MP: 6/6
   999 | D:2      | Reached skill level 4 in Maces & Flails
  1144 | D:2      | Reached XP level 4. HP: 22/26 MP: 7/7
  1251 | D:2      | Found Ijuill's Book Shoppe.
  1258 | D:2      | Reached skill level 1 in Stealth
  1757 | D:3      | Learned a level 1 spell: Apportation
  1760 | D:3      | Learned a level 2 spell: Blink
  1763 | D:3      | Learned a level 2 spell: Lesser Beckoning
  1771 | D:3      | Found Ilyf's Magic Scroll Shoppe.
  1779 | D:3      | Bought a scroll of fear for 40 gold pieces
  1779 | D:3      | Bought a scroll of teleportation for 30 gold pieces
  1779 | D:3      | Bought a scroll of butterflies for 40 gold pieces
  1844 | D:3      | Reached XP level 5. HP: 11/30 MP: 3/8
  1993 | D:3      | Identified the +5 dagger "Demonbane" {flame, Str-4 Dex+3
                  | SInv}
  2754 | D:4      | Reached skill level 5 in Maces & Flails
  3420 | D:5      | Entered Level 5 of the Dungeon
  3484 | D:5      | Found Gaditam's Weapon Shop.
  3502 | D:5      | Identified the +1 robe of Wu Jian's Supremacy {Will+ rCorr
                  | Str+3}
  3543 | D:5      | Noticed a water moccasin
  3556 | D:5      | Slain by a water moccasin

Illustrated notes

Levels and vault maps discovered:
D:1:      dpeg_arrival_shrine, layout_loops_cross
D:2:      layout_basic, serial_shops, shop
D:3:      layout_basic, serial_shops, shop
D:4:      layout_gridville
D:5:      layout_basic, mainiacjoe_overflow_chevrons,
          minmay_temple_entry_offerings, serial_shops, shop

Skill      XL: |  1  2  3  4  5 |
---------------+----------------+-----
Maces & Flails | 3 4 5 |  5.6
Stealth        | 2 |  2.0
Fighting       | |  2.1
Throwing       | |  0.8
Armour         | |  1.1
Dodging        | |  1.5
Spellcasting   | |  2.0
Translocations | |  2.6

Action                     |  1- 3 |  4- 6 || total
---------------------------+-------+-------++-------
  Melee: Mace              |   116 |    34 ||   150
         Great mace        |       |   130 ||   130
 Armour: Leather armour    |    38 |    16 ||    54
         Ring mail         |       |    98 ||    98
  Dodge: Dodged            |    75 |   105 ||   180
